 Dungeon Crawl Stone Soup version 0.31-a0-142-g31f6795574 (webtiles) character file.

Game seed: 14931937210688791353

2172497 Sergey the Shapeless Djinni (level 27, 195/195 HPs)
             Began as a Djinni Conjurer on June 3, 2023.
             Was the Champion of Hepliaklqana.
             Escaped with the Orb
             ... and 4 runes!
             The game lasted 03:27:09 (78359 turns).

Sergey the Shapeless Djinni (Djinni Conjurer)      Turns: 78359, Time: 03:27:09

Health: 195/195    AC: 20    Str: 12    XL:     27
Gold:   4598       EV: 24    Int: 42    God:    Hepliaklqana [******] SH: 16 Dex: 14

rFire   + + +        q - +9 demon trident (spect)
rCold   + . .        X - +2 shield of Resistance {rF++ rC++ Will++}
rNeg    + + .        Z - +4 troll leather armour
rPois   ∞            J - +2 helmet {Int+3}
rElec   +            H - +4 dragonskin cloak
rCorr   +            M - +2 pair of gloves {Dex+3}
SInv    .            (boots unavailable)
Will    +++++        D - amulet of the Tarantula {rElec rN++ Regen+ rCorr Stlth+}
Stlth   +            S - +6 ring of intelligence
HPRegen 2.12/turn    x - ring "Etokk" {*Corrode Will++ EV+5 Str+4}
MPRegen 0.00/turn

%: corrode self (3%)
@: flying, studying 2 skills
A: reduced essence, sickness immunity, fire resistance 2, cold vulnerability 1,
float, innate caster, HP casting, extra vitality 1, deformed body, inability to
drink after injury 1
0: Orb of Zot
}: 4/15 runes: serpentine, barnacled, slimy, silver
a: Renounce Religion, Recall Ancestor, Ancestor Identity, Transference, Idealise


You escaped.
You worshipped Hepliaklqana.
Hepliaklqana was exalted by your worship.
You visited 11 branches of the dungeon, and saw 53 of its levels.
You visited 1 bazaar.
You visited 1 ziggurat, and saw 6 of its levels.
You also visited: Sewer, Gauntlet, Ice Cave and Volcano.

You collected 7139 gold pieces.
You spent 2541 gold pieces at shops.

Inventory:

Hand Weapons
 e - the +5 trident "Qoti" {holy, Will++ Stlth-}
   (You took it off a naga on level 3 of the Snake Pit)

   Will:      It greatly increases your willpower.
   Stlth:     It makes you less stealthy.
 q - a +9 spectral demon trident (weapon)
Missiles
 w - 6 throwing nets
 K - 12 curare-tipped darts
Armour
 B - a +0 buckler of protection
 H - the +4 dragonskin cloak (worn)
   (You took it off Tiamat on level 3 of the Realm of Zot)

   Avatar's Aegis: It grants the wearer a chance to resist fire, cold, poison,
   electricity, acid, and negative energy.
 J - a +2 helmet of intelligence (worn)
 M - a +2 pair of gloves of dexterity (worn)
 X - the +2 shield of Resistance (worn) {rF++ rC++ Will++}
   (You found it in a Gauntlet)

   rF:        It greatly protects you from fire.
   rC:        It greatly protects you from cold.
   Will:      It greatly increases your willpower.
 Z - a +4 troll leather armour (worn)
Magical Staves
 g - a staff of cold {rC+ !a}
Jewellery
 d - a ring of willpower
 k - an amulet of the acrobat
 o - the amulet of Siyzuck {Reflect rF+ Regen+ Int+5 SH+5}
   (You found it on level 3 of the Vaults)

   [amulet of reflection]

   It reflects blocked missile attacks.
   Int:       It affects your intelligence (+5).
   rF:        It protects you from fire.
   Regen:     It increases your rate of health regeneration.
   SH:        It affects your SH (+5).
 x - the ring "Etokk" (right hand) {*Corrode Will++ EV+5 Str+4}
   (You found it on level 5 of the Pits of Slime)

   [ring of evasion]

   EV:        It affects your evasion (+5).
   Str:       It affects your strength (+4).
   *Corrode:  It may corrode you when you take damage.
   Will:      It greatly increases your willpower.
 D - the amulet of the Tarantula (around neck) {rElec rN++ Regen+ rCorr Stlth+}
   (You bought it in a shop in a bazaar)

   [amulet of regeneration]

   rElec:     It insulates you from electricity.
   rN:        It greatly protects you from negative energy.
   Regen:     It increases your rate of health regeneration.
   rCorr:     It protects you from acid and corrosion.
   Stlth:     It makes you more stealthy.
 E - a ring of willpower
 I - the ring of Cuosah {rC- rCorr AC+4 Str+6 Stlth+}
   (You took it off a deep elf zephyrmancer on level 3 of the Elven Halls)

   [ring of protection]

   AC:        It affects your AC (+4).
   Str:       It affects your strength (+6).
   rC:        It makes you vulnerable to cold.
   rCorr:     It protects you from acid and corrosion.
   Stlth:     It makes you more stealthy.
 L - a +5 ring of evasion
 P - a ring of protection from cold
 S - a +6 ring of intelligence (left hand)
Wands
 c - a wand of flame (130)
 h - a wand of charming (37)
 i - a wand of iceblast (73)
 t - a wand of mindburst (36)
 v - a wand of digging (10)
 z - a wand of light (17)
Scrolls
 a - 5 scrolls of enchant armour
 b - 5 scrolls of blinking {@r4}
 l - 8 scrolls of vulnerability {!r}
 u - 24 scrolls of teleportation {@r3}
 F - 7 scrolls of poison
 O - a scroll of fear
 T - 2 scrolls of silence {!r}
 W - 3 scrolls of immolation
Potions
 f - 3 potions of brilliance
 j - 7 potions of enlightenment
 m - 3 potions of haste {@q5}
 n - 11 potions of mutation
 p - 5 potions of cancellation
 r - 5 potions of might {@q3}
 s - 17 potions of curing {@q2}
 y - 6 potions of invisibility
 G - 4 potions of heal wounds {@q1}
 Q - 6 potions of ambrosia
 R - 8 potions of lignification
 Y - 4 potions of resistance
Miscellaneous
 A - a lightning rod (4/4)
 C - a box of beasts
 U - a phial of floods (inert)
 V - a phantom mirror


   Skills:
 + Level 23.9 Fighting
 + Level 9.3 Polearms
 - Level 10.0 Armour
 + Level 17.7 Dodging
 - Level 3.0 Stealth
 - Level 18.0 Shields
 - Level 25.0 Spellcasting
 - Level 25.0 Conjurations
 - Level 25.0 Hexes
 - Level 25.0 Summonings
 O Level 27 Necromancy
 - Level 25.0 Translocations
 O Level 27 Transmutations
 - Level 25.0 Fire Magic
 - Level 25.0 Ice Magic
 - Level 25.0 Air Magic
 - Level 25.0 Earth Magic
 - Level 25.0 Poison Magic
 - Level 12.0 Invocations
 - Level 6.0 Evocations


You knew the following spells:

 Your Spells              Type           Power      Damage    Failure   Level
a - Magic Dart            Conj           100%       1d8       0%          1
b - Iskenderun's Battles  Conj           100%       2d15      0%          5
c - Dazzling Flash        Conj/Hex       100%       N/A       0%          3
d - Spellforged Servitor  Conj/Summ      66%        N/A       1%          7
e - Call Imp              Summ           100%       N/A       0%          2
f - Hailstorm             Conj/Ice       100%       3d20      0%          3
g - Ice Form              Ice/Tmut       100%       N/A       0%          4
h - Fulminant Prism       Conj/Hex       66%        3d28      0%          4
i - Iskenderun's Mystic   Conj/Tloc      100%       2d19      0%          4
j - Apportation           Tloc           100%       N/A       0%          1
k - Searing Ray           Conj           100%       2d8       0%          2
l - Enfeeble              Hex            66%        N/A       1%          7
m - Chain Lightning       Conj/Air       66%        3d88      2%          9
p - Plasma Beam           Fire/Air       66%        2x1d82    0%          6
z - Orb of Destruction    Conj           66%        9d16      1%          7
B - Momentum Strike       Conj/Tloc      100%       3d10      0%          2
M - Borgnjor's Revivific  Necr           67%        N/A       1%          8
N - Death's Door          Necr           67%        N/A       1%          9
Your spell library was empty.

Dungeon Overview and Level Annotations

Branches:
Dungeon (15/15)            Temple (1/1) D:7            Lair (5/5) D:8
 Shoals (4/4) Lair:2        Snake (4/4) Lair:3        Slime (5/5) Lair:5
    Orc (2/2) D:10            Elf (3/3) Orc:2        Vaults (5/5) D:13
  Crypt (0/3) Vaults:2     Depths (4/4) D:15            Zot (5/5) Depths:4
  Sewer (visited)           IceCv (visited)         Volcano (visited)
Gauntlet (visited)

Altars:
Ashenzari
Cheibriados
Dithmenos
Elyvilon
Gozag
Hepliaklqana
Nemelex Xobeh
Ru
Uskayaw
Wu Jian
Xom
Yredelemnul
Zin
The Shining One
Jiyva

Shops:
D:12 [   Orc:1 *   Orc:2 (:*[   Shoals:1 [   Depths:1 ?

Portals:
Hell: Depths:1 Depths:2 Depths:3 Depths:4
Abyss: Depths:1 Depths:2 Depths:3

Annotations:
D:1 exclusion: downstairs
D:5 exclusion: upstairs
D:8 6 transporters
D:13 6 exclusions
D:14 exclusion: 2 downstairs
Lair:3 exclusion: downstairs
Lair:4 1 exclusion
Shoals:2 exclusion: 2 downstairs
Shoals:3 exclusion: 2 downstairs
Snake:1 exclusion: downstairs
Snake:2 exclusion: 2 downstairs
Snake:3 exclusion: 2 downstairs
Slime:4 exclusion: downstairs
Orc:1 exclusion: downstairs
Elf:2 3 runed translucent doors
Depths:2 exclusions: door and 1 more exclusion
Zot:1 exclusion: door
Zot:3 exclusion: downstairs


Innate Abilities, Weirdness & Mutations

Your life essence is reduced to manifest your ancestor. (-10% HP)
You are immune to sickness and miasma.
You are immune to poison.
Your flesh is very heat resistant. (rF++)
You are vulnerable to cold. (rC-)
You float through the air rather than walking.
You learn spells naturally, not from books.
Your magical power is your life essence.
You have superior vitality. (+4 MHP)
Armour fits poorly on your strangely shaped body.
You occasionally lose the ability to drink potions when taking damage.


Message History

A Hell Sentinel comes into view.
The Hell Sentinel roars!
Blink to where?
Press: ? - help, Dir - move target
As you read the scroll of blinking {@r4}, it crumbles to dust.
You feel yourself speed up.
(D) Dungeon (T) Temple (L) Lair (A) Shoals (P) Snake Pit (M) Slime Pits (O) Orcish Mines (E) Elven Halls (V) Vaults (C) Crypt (U) Depths (H) Hell (Z) Zot
Where to? (Enter - D:1 @ (x,y), ? - help)
Things that are here:
a +0 robe; a +0 dagger You see here a +0 war axe.
There is a stone staircase leading up here.
You fly upwards.
There is a stone staircase leading down here.
Your extra speed is starting to run out.
There is an open door here.
You feel yourself slow down.
You see here Nies's Introduction to Magic.
There is a stone staircase leading up here.
You fly upwards.
There is a stone staircase leading down here.
There is a stone staircase leading up here.
You fly upwards.
There is a stone staircase leading down here.
There is a stone staircase leading up here.
You fly upwards.
Level annotation: exclusion: downstairs
There is a stone staircase leading down here.
A Wam Tupa, a small abomination and a sun demon come into view.
Blink to where?
Press: ? - help, Dir - move target
As you read the scroll of blinking {@r4}, it crumbles to dust.
Wam Tupa moves out of view.
The small abomination moves out of view.
The sun demon moves out of view.
Unknown command.
You have escaped!

...#..#..P)P...#..#
...#..#.P.P.P..#..#
...#..#..P...P.#..#
............P..#..#
.....3.§.......##'#
.......§&#######..##
.......§§§§...#....#
♣♣♣♣......§.§.'....#
♣♣♣..x#######.@##
♣♣♣♣♣ #### ###
########## ..#
#......#.# .##
#.#...##.# ##
#........# #
####.##### #.# # #.#


There were no monsters in sight!

Vanquished Creatures
  A pandemonium lord (Zig:3)
  Tiamat (Zot:3)
  2 dread liches (Zot:5)
  An ancient lich (Zot:5)
  8 orbs of fire
  Bai Suzhen (Elf:3)
  2 shard shrikes (Zot:1)
  6 Killer Klowns (Zot:5)
  Vashnia (Snake:2)
  A curse toe (Zot:3)
  6 caustic shrikes (Depths:3)
  18 golden dragons
  Jory (Vaults:3)
  Nikola (Shoals:4)
  2 doom hounds
  3 electric golems
  17 tentacled monstrosities
  Zenata (Vaults:1)
  A lich (Vaults:5)
  4 quicksilver dragons
  A deep elf blademaster (Elf:3)
  Grunn (Depths:3)
  3 deep elf master archers
  Asterion (Vaults:3)
  28 Orb Guardians
  17 acid blobs
  10 death cobs
  2 titans
  2 sphinxes
  Kirke (Lair:3)
  A fire giant (Depths:3)
  10 draconian monks
  10 tengu reavers
  5 rockslimes
  9 azure jellies
  9 storm dragons
  2 nagarajas (Snake:4)
  4 draconian knights
  7 draconian scorchers
  15 frost giants
  4 ghost moths
  Aizul (Snake:2)
  2 deep elf sorcerers
  10 vault wardens
  5 draconian shifters
  2 orc warlords
  Louise (Depths:3)
  2 deep elf elementalists (Elf:3)
  3 reapers
  11 quicksilver oozes
  7 stone giants
  2 war gargoyles
  11 ironbound thunderhulks
  9 draconian annihilators
  The ghost of anet the Protected, a journeyman MiBe of Trog (Orc:2)
  13 very ugly things
  10 ironbound preservers
  3 formless jellyfish
  A putrid mouth (Zig:4)
  7 draconian stormcallers
  A vampire knight (Depths:4)
  9 green draconians
  7 deep elf demonologists
  11 black draconians
  Azrael (Orc:2)
  12 white draconians
  3 deep elf annihilators
  8 purple draconians
  10 yellow draconians
  4 spark wasps
  9 red draconians
  14 dire elephants
  2 eidola (Vaults:2)
  A crystal guardian (Vaults:2)
  7 ettins
  8 merfolk impalers
  2 jiangshi (Depths:2)
  3 deep elf death magi (Elf:3)
  7 merfolk javelineers
  3 deep elf high priests
  8 fire dragons
  11 great orbs of eyes
  10 yaktaur captains
  2 merfolk avatars
  A rakshasa (D:15)
  31 vault guards
  5 centaur warriors
  10 hydras
  2 salamander tyrants
  2 peacekeepers
  3 ogre magi (Vaults:5)
  A spriggan air mage (Depths:3)
  7 anacondas
  The ghost of Thargor the Blocker, a journeyman FoFi of Hepliaklqana (Lair:1)
  7 ice dragons (Zot:1)
  An alligator snapping turtle (Shoals:4)
  3 catoblepae
  Erica (D:9)
  9 dancing weapons
  3 two-headed ogres
  3 hell hogs (Depths:1)
  15 ironbound frosthearts
  3 merfolk aquamancers
  An orc high priest (Orc:2)
  3 satyrs
  A vampire mage (Depths:2)
  4 death yaks (Lair:5)
  3 boulder beetles
  11 naga warriors
  6 tengu warriors
  15 shock serpents
  6 deep troll shamans
  5 spriggan berserkers
  7 deep troll earth magi
  4 soul eaters
  6 naga sharpshooters
  2 hell knights
  A spectral storm dragon (Zig:4)
  16 deep elf knights
  2 sun demons (Depths:1)
  7 iron trolls
  4 skeletal warriors (D:14)
  5 skysharks
  2 salamander mystics (Snake:4)
  5 nameless horrors
  A deep troll (shapeshifter) (Depths:4)
  A sixfirhy (Depths:2)
  3 glowing orange brains
  44 deep trolls
  4 sea snakes
  A cherub (D:10)
  A kraken simulacrum (Shoals:4)
  2 naga ritualists
  A flayed ghost (Depths:1)
  21 ironbound convokers
  2 phantasmal warriors (Vaults:5)
  7 wizards
  14 deep elf archers
  30 deep elf pyromancers
  31 deep elf zephyrmancers
  3 necromancers
  13 orc knights
  13 harpies
  7 mana vipers
  A spectral spriggan (Zig:4)
  13 lindwurms
  3 orc sorcerers (Orc:2)
  An oklob plant (Lair:5)
  6 fauns
  4 cyclopes
  19 manticores
  4 shining eyes
  22 moths of wrath
  A frost giant zombie (Depths:1)
  36 ugly things
  6 elephants
  17 salamanders
  A rust devil (Depths:3)
  24 vault sentinels
  5 guardian serpents (Snake:4)
  103 slime creatures
  2 human skeletons (Vaults:2)
  Maurice (D:12)
  12 naga magi
  3 water nymphs
  8 merfolk sirens
  2 eyes of devastation (Slime:5)
  4 smoke demons (Depths:1)
  33 black mambas
  4 orange demons (Elf:3)
  2 ice statues
  2 hellions
  9 cane toads
  An elf zombie (Vaults:2)
  Psyche (D:11)
  6 komodo dragons
  An anaconda simulacrum (IceCv)
  29 yaktaurs
  An efreet (D:8)
  3 tengu conjurers
  14 ice devils
  4 freezing wraiths
  A spriggan skeleton (Depths:1)
  5 trolls
  7 polar bears
  A hellwing (Depths:2)
  A meliai (shapeshifter) (Elf:2)
  36 merfolk
  A troll (shapeshifter) (Vaults:4)
  3 hornets
  9 wind drakes
  Prince Ribbit (D:9)
  20 blink frogs
  An iron dragon simulacrum (Depths:1)
  6 snapping turtles
  A stone giant simulacrum (Vaults:2)
  2 vampires
  A spriggan (shapeshifter) (Vaults:5)
  2 shadows (Gauntlet)
  3 wraiths
  2 air elementals
  2 spriggans (Depths:2)
  A dire elephant simulacrum (IceCv)
  28 yaks
  A ynoxinul (Zot:1)
  5 fire elementals
  5 hogs (Lair:3)
  7 wyverns
  11 water elementals
  2 steam dragons
  7 basilisks
  4 humans (D:13)
  9 golden eyes (Slime:5)
  A basilisk (shapeshifter) (Elf:1)
  8 vampire mosquitoes
  A human simulacrum (Vaults:2)
  4 chaos spawn
  2 death yak simulacra (IceCv)
  6 wargs
  32 nagas
  3 acid dragons
  Edmund (D:5)
  A swamp worm (shapeshifter) (Vaults:5)
  An acid dragon (shapeshifter) (D:14)
  14 water moccasins
  3 floating eyes
  13 hell hounds
  5 ice beasts
  28 orc warriors
  2 ogres (Orc:2)
  4 black bears
  14 wolves
  11 boggarts
  10 centaurs
  A phantom (D:5)
  A gnoll sergeant (D:6)
  3 kobold brigands
  10 bullfrogs
  3 scorpions
  A scorpion (shapeshifter) (Elf:1)
  5 cane toad simulacra (IceCv)
  A two-headed ogre simulacrum (D:13)
  2 wights (D:8)
  2 elephant simulacra (IceCv)
  3 howler monkeys
  An electric eel (D:7)
  3 crimson imps (Gauntlet)
  4 hounds
  16 orc priests
  A gnoll bouda (D:6)
  A jelly (Lair:5)
  26 orc wizards
  Ijyb (D:3)
  A sleepcap (D:5)
  2 iguanas
  4 hell rats (Lair:2)
  2 polar bear simulacra (IceCv)
  A spriggan simulacrum (D:13)
  2 troll simulacra
  3 wolf simulacra (IceCv)
  Robin (D:2)
  13 gnolls
  9 adders
  A naga simulacrum (D:13)
  2 shadow imps
  2 white imps
  2 ufetubi
  5 worms
  A dart slug (D:5)
  65 orcs
  A ball python (shapeshifter) (Vaults:5)
  8 bats
  14 endoplasms
  3 giant cockroaches
  10 goblins
  12 hobgoblins
  24 kobolds
  9 ball pythons
  4 frilled lizards
  12 rats
  A spectral weapon (Vaults:5)
1953 creatures vanquished.

Vanquished Creatures (collateral kills)
  the Royal Jelly (Slime:5)
  An orb of fire (Zot:3)
  A juggernaut (Depths:3)
  3 golden dragons
  A doom hound (Depths:3)
  7 tentacled monstrosities
  An electric golem (Zot:3)
  3 acid blobs
  4 titans
  The ghost of nubinia the Impaler, an adept MfVM of Ashenzari (Snake:3)
  A deep elf blademaster (Elf:3)
  A tengu reaver (Vaults:5)
  3 storm dragons
  A nagaraja (Snake:3)
  2 azure jellies (Slime:3)
  6 rockslimes
  4 fire giants
  Ilsuiw (Shoals:2)
  2 iron dragons
  4 vault wardens
  2 draconian knights
  3 deep elf sorcerers
  A frost giant (Vaults:5)
  A ghost moth (Zot:3)
  A deep elf elementalist (Elf:3)
  4 ironbound preservers
  A spriggan defender (Depths:3)
  A war gargoyle (Vaults:1)
  A draconian annihilator (Zot:2)
  6 very ugly things (Depths:3)
  An ironbound thunderhulk (Vaults:4)
  An orc warlord (Vaults:4)
  3 stone giants
  5 quicksilver oozes
  A deep elf demonologist (Vaults:5)
  6 black draconians
  A dire elephant (Vaults:3)
  3 spark wasps
  A yellow draconian (Zot:2)
  2 deep elf death magi (Elf:3)
  A blizzard demon (Zig:3)
  3 fire dragons
  3 yaktaur captains
  A merfolk impaler (Shoals:3)
  A hell beast (Depths:1)
  3 great orbs of eyes (Slime:3)
  8 vault guards
  A salamander tyrant (Snake:2)
  A centaur warrior (D:15)
  A peacekeeper (Vaults:2)
  2 spriggan air magi
  4 anacondas
  An alligator snapping turtle (Shoals:4)
  An ogre mage (Vaults:5)
  A two-headed ogre (D:11)
  3 dancing weapons
  A tengu warrior (Depths:2)
  A death yak (Lair:5)
  A deep troll shaman (Depths:2)
  6 naga warriors
  7 naga sharpshooters
  A vampire mage (Depths:2)
  4 deep troll earth magi
  A spriggan berserker (Depths:3)
  2 shock serpents (Snake:4)
  2 sun demons
  3 iron trolls
  6 salamander mystics
  2 deep elf knights (Elf:1)
  3 sea snakes
  10 deep trolls
  4 naga ritualists
  An orc knight (Vaults:2)
  A lindwurm (Snake:4)
  4 deep elf pyromancers (Elf:1)
  2 ironbound convokers (Vaults:5)
  A deep elf zephyrmancer (Vaults:5)
  2 wizards
  An iron dragon zombie (Depths:1)
  9 mana vipers
  5 ugly things (Depths:1)
  A manticore (Shoals:3)
  A faun (Shoals:2)
  11 salamanders
  A vault sentinel (Vaults:5)
  2 elephants (Lair:4)
  A merfolk siren (Shoals:2)
  4 guardian serpents
  8 naga magi
  19 black mambas
  A smoke demon (Gauntlet)
  2 komodo dragons
  A cane toad (Lair:3)
  3 yaktaurs
  3 ice devils (IceCv)
  A troll (D:13)
  3 merfolk
  A polar bear (Lair:2)
  A blink frog (Lair:1)
  18 slime creatures
  A water elemental (Elf:1)
  13 yaks
  2 humans (D:13)
  2 dire elephant simulacra (IceCv)
  A basilisk (Lair:5)
  A golden eye (Slime:5)
  3 wyverns
  7 fire elementals
  A death yak simulacrum (IceCv)
  A warg (D:11)
  A vampire mosquito (D:11)
  23 nagas
  2 water moccasins
  A hydra simulacrum (IceCv)
  A hell hound (Volcano)
  2 orc warriors
  3 ice beasts (Lair:2)
  A sky beast (D:8)
  A wolf (Lair:5)
  A bullfrog (D:7)
  3 two-headed ogre simulacra (IceCv)
  A scorpion (Elf:3)
  A cane toad simulacrum (IceCv)
  An earth elemental (Elf:1)
  A wight (D:8)
  2 elephant simulacra
  2 orc priests
  An iguana (D:5)
  6 orc wizards
  A polar bear simulacrum (D:13)
  2 troll simulacra
  4 wolf simulacra
  4 adders
  2 ufetubi
  17 orcs
  A bat (D:3)
  2 goblins (D:2)
  2 quokkas (D:3)
  A ball python (D:3)
  4 kobolds
  4 rats
420 creatures vanquished.

Vanquished Creatures (others)
  A quicksilver dragon (Vaults:5)
  A death cob (Zot:4)
  2 storm dragons (Zot:4)
  A draconian monk (Zot:4)
  A draconian stormcaller (Zot:3)
  A deep elf demonologist (Elf:3)
  A red draconian (Zot:4)
  2 yaktaur captains (Vaults:5)
  A vault guard (D:13)
  A deep elf archer (Elf:1)
  4 yaktaurs
  A human (D:13)
  27 knights
  2 ancestors (D:9)
  An orc (Orc:2)
  38 fulminant prisms
85 creatures vanquished.

Grand Total: 2458 creatures vanquished

Notes
Turn   | Place    | Note
-------+----------+-------------------------------------------
     0 | D:1      | Sergey the Djinni Conjurer began the quest for the Orb.
     0 | D:1      | Sergey set off with the following spells memorised: Magic
                  | Dart, Searing Ray, Dazzling Flash, Fulminant Prism,
                  | Iskenderun's Mystic Blast.
     0 | D:1      | Reached XP level 1. HP: 15/15 MP: 0/0
    55 | D:1      | Reached skill level 1 in Fighting
   183 | D:1      | Reached XP level 2. HP: 20/22 MP: 0/0
   902 | D:1      | Reached XP level 3. HP: 27/28 MP: 0/0
   902 | D:1      | Learned a level 1 spell: Apportation
  2708 | D:2      | Reached XP level 4. HP: 32/33 MP: 0/0
  3109 | D:2      | Reached XP level 5. HP: 38/40 MP: 0/0
  3109 | D:2      | Learned a level 2 spell: Call Imp
  3112 | D:2      | Noticed Robin
  3181 | D:2      | Killed Robin
  3611 | D:3      | Noticed an ice beast
  3805 | D:3      | Found a glowing drain.
  3809 | Sewer    | Entered a sewer
  4034 | Sewer    | Noticed a kobold brigand
  4060 | Sewer    | Killed a kobold brigand
  4061 | Sewer    | Reached XP level 6. HP: 39/46 MP: 0/0
  4377 | D:3      | Reached skill level 5 in Spellcasting
  4377 | D:3      | Reached skill level 5 in Conjurations
  4377 | D:3      | Reached skill level 5 in Hexes
  4377 | D:3      | Reached skill level 5 in Summonings
  4377 | D:3      | Reached skill level 5 in Necromancy
  4377 | D:3      | Reached skill level 5 in Translocations
  4377 | D:3      | Reached skill level 5 in Transmutations
  4377 | D:3      | Reached skill level 5 in Fire Magic
  4377 | D:3      | Reached skill level 5 in Ice Magic
  4377 | D:3      | Reached skill level 5 in Air Magic
  4377 | D:3      | Reached skill level 5 in Earth Magic
  4377 | D:3      | Reached skill level 5 in Poison Magic
  4843 | D:3      | You are sucked into a shaft and drop 3 floors!
  4886 | D:6      | Reached XP level 7. HP: 51/52 MP: 0/0
  4886 | D:6      | Learned a level 2 spell: Momentum Strike
  4994 | D:5      | Entered Level 5 of the Dungeon
  5213 | D:5      | Noticed Edmund
  5561 | D:5      | Reached skill level 5 in Fighting
  5855 | D:4      | Noticed a two-headed ogre
  6029 | D:5      | Found an opulent altar of Gozag.
  6404 | D:4      | Killed a two-headed ogre
  6405 | D:4      | Reached skill level 1 in Evocations
  6405 | D:4      | Reached XP level 8. HP: 49/62 MP: 0/0
  6870 | D:3      | Noticed Ijyb
  7461 | D:4      | Reached XP level 9. HP: 58/67 MP: 0/0
  7461 | D:4      | Learned a level 3 spell: Hailstorm
  7877 | D:5      | Killed Edmund
  9045 | D:7      | Found a sparkling altar of Nemelex Xobeh.
  9328 | D:7      | Found a white marble altar of Elyvilon.
  9706 | D:7      | Found a staircase to the Ecumenical Temple.
  9716 | Temple   | Entered the Ecumenical Temple
  9723 | Temple   | Became a worshipper of Hepliaklqana the Forgotten
  9840 | D:7      | Found a sacrificial altar of Ru.
 10109 | D:7      | Reached XP level 10. HP: 56/76 MP: 0/0
 10486 | D:3      | Killed Ijyb
 10710 | D:8      | Found a transporter.
 10714 | D:8      | Found a transporter.
 10741 | D:8      | Found a basalt altar of Yredelemnul.
 10779 | D:8      | Found a transporter.
 10781 | D:8      | Found a transporter.
 10810 | D:8      | Found a transporter.
 10815 | D:8      | Found a transporter.
 11428 | D:8      | Reached skill level 10 in Fighting
 11625 | D:8      | Found a staircase to the Lair.
 11733 | D:8      | Reached skill level 5 in Evocations
 12070 | D:9      | Reached * piety under Hepliaklqana
 12116 | D:9      | Reached XP level 11. HP: 67/76 MP: 0/0
 12116 | D:9      | Learned a level 4 spell: Ice Form
 12221 | D:9      | Found an ornate altar of the Wu Jian Council.
 12249 | D:9      | Noticed Prince Ribbit
 12257 | D:9      | Killed Prince Ribbit
 12445 | D:9      | Noticed Erica
 12454 | D:9      | Killed Erica
 12984 | D:10     | Entered Level 10 of the Dungeon
 13112 | D:10     | Found a staircase to the Orcish Mines.
 13343 | D:10     | Found a shimmering altar of Xom.
 13355 | D:10     | Reached skill level 10 in Spellcasting
 13355 | D:10     | Reached skill level 10 in Conjurations
 13355 | D:10     | Reached skill level 10 in Hexes
 13355 | D:10     | Reached skill level 10 in Summonings
 13355 | D:10     | Reached skill level 10 in Necromancy
 13355 | D:10     | Reached skill level 10 in Translocations
 13355 | D:10     | Reached skill level 10 in Transmutations
 13355 | D:10     | Reached skill level 10 in Fire Magic
 13355 | D:10     | Reached skill level 10 in Ice Magic
 13355 | D:10     | Reached skill level 10 in Air Magic
 13355 | D:10     | Reached skill level 10 in Earth Magic
 13355 | D:10     | Reached skill level 10 in Poison Magic
 13387 | D:10     | Found the +7 mace of Variability {chaos, chaos arc}
 13391 | D:10     | Reached ** piety under Hepliaklqana
 13392 | D:10     | Remembered your ancestor battlemage as a knight
 13446 | D:10     | Noticed a two-headed ogre
 13454 | D:10     | Killed a two-headed ogre
 13837 | D:10     | Found a glowing golden altar of the Shining One.
 14244 | Lair:1   | Entered Level 1 of the Lair of Beasts
 14396 | Lair:1   | Reached XP level 12. HP: 66/84 MP: 0/0
 14664 | Lair:1   | Reached skill level 1 in Shields
 14788 | Lair:1   | Noticed Thargor's ghost (journeyman FoFi)
 14791 | Lair:1   | Found a runed translucent door.
 15147 | Lair:2   | Reached skill level 5 in Dodging
 15195 | Lair:2   | Reached skill level 5 in Shields
 15473 | Lair:2   | Found a dark tunnel.
 15490 | Volcano  | Entered a volcano
 15675 | Volcano  | Reached XP level 13. HP: 65/90 MP: 0/0
 15675 | Volcano  | Learned a level 5 spell: Iskenderun's Battlesphere
 16368 | Lair:2   | Identified the +5 ring mail of the Centipede {rC+}
 16937 | Lair:2   | Reached *** piety under Hepliaklqana
 17089 | Lair:2   | Found a staircase to the Shoals.
 17111 | Lair:2   | Reached skill level 1 in Invocations
 18078 | Lair:3   | Found a staircase to the Snake Pit.
 18211 | Lair:3   | Noticed Kirke
 18224 | Lair:3   | Killed Kirke
 18736 | Lair:3   | Reached XP level 14. HP: 92/97 MP: 0/0
 19159 | Lair:4   | Found a gate leading to a gauntlet.
 19178 | Gauntlet | Entered a Gauntlet
 19178 | Gauntlet | Found a transporter.
 19178 | Gauntlet | Found a transporter.
 19266 | Gauntlet | Found a transporter.
 19271 | Gauntlet | Found a transporter.
 19280 | Gauntlet | Found a transporter.
 19284 | Gauntlet | Found a transporter.
 19294 | Gauntlet | Found a transporter.
 19309 | Gauntlet | Noticed a dire elephant
 19311 | Gauntlet | Found a transporter.
 19328 | Gauntlet | Found a transporter.
 19332 | Gauntlet | Found a transporter.
 19344 | Gauntlet | Found a transporter.
 19345 | Gauntlet | Found a transporter.
 19425 | Gauntlet | Reached **** piety under Hepliaklqana
 19523 | Gauntlet | Identified the +0 pair of gloves "Bufats" {Int+2}
 19591 | Gauntlet | Identified the +10 dire flail of the Pits of Slime
                  | {protect, rElec SInv}
 19591 | Gauntlet | Noticed a minotaur
 19603 | Gauntlet | Found the +2 shield of Resistance {rF++ rC++ Will++}
 19954 | Lair:4   | Found a snail-covered altar of Cheibriados.
 19985 | Lair:4   | Reached skill level 1 in Armour
 20330 | Lair:5   | Entered Level 5 of the Lair of Beasts
 20799 | Lair:5   | Noticed a dire elephant
 20811 | Lair:5   | Killed a dire elephant
 20943 | Lair:5   | Identified the +10 hand axe of Guejusk {flame, Dex+3}
 21057 | Lair:5   | Identified the +6 great mace "Famiceu" {protect, rPois rN+}
 21151 | Lair:5   | Identified the +8 great sword "Acarineslayer" {heavy,
                  | Int+3}
 21239 | Lair:5   | Found a viscous altar of Jiyva.
 21239 | Lair:5   | Found a staircase to the Slime Pits.
 21625 | Lair:5   | Reached XP level 15. HP: 99/105 MP: 0/0
 21625 | Lair:5   | Learned a level 6 spell: Plasma Beam
 21683 | Lair:5   | Reached skill level 5 in Armour
 21999 | D:11     | Reached ***** piety under Hepliaklqana
 22133 | D:11     | Identified the +10 spear "Kaehew" {flame, Fly}
 22637 | D:11     | Noticed Psyche
 22639 | D:11     | Killed Psyche
 22963 | D:12     | Noticed Maurice
 22965 | D:12     | Killed Maurice
 23094 | D:12     | Found Xiepeca's Armour Shoppe.
 23096 | D:12     | Identified the +5 falchion "Ezale" {freeze, Drain Int+4}
 24066 | D:13     | Found a frozen archway.
 24073 | IceCv    | Entered an ice cave
 25003 | IceCv    | Reached skill level 5 in Invocations
 25490 | D:13     | Reached skill level 15 in Fighting
 26113 | D:13     | Found the +15 Maxwell's patent armour {-Cast -Tele rElec
                  | Will+ rCorr}
 26130 | D:13     | Found a gate to the Vaults.
 26938 | D:14     | Found a hazy altar of Hepliaklqana.
 27047 | D:14     | Reached skill level 15 in Transmutations
 27254 | D:14     | Reached XP level 16. HP: 81/113 MP: 0/0
 27757 | Orc:1    | Entered Level 1 of the Orcish Mines
 27968 | Orc:1    | Found Zoonkius's Overcharged Wands.
 28418 | Orc:1    | Reached ****** piety under Hepliaklqana
 28773 | Orc:2    | Entered Level 2 of the Orcish Mines
 28949 | Orc:2    | Found a staircase to the Elven Halls.
 29197 | Orc:2    | Reached skill level 15 in Necromancy
 29361 | Orc:2    | Noticed Azrael
 29367 | Orc:2    | Killed Azrael
 30021 | Orc:2    | Found Fipteifaiw's Antique Armour Shop.
 30041 | Orc:2    | Found Radeass's Book Shop.
 30131 | Orc:2    | Found a runed translucent gate.
 30132 | Orc:2    | Found a runed translucent gate.
 30136 | Orc:2    | Found a runed translucent gate.
 30137 | Orc:2    | Found an opulent altar of Gozag.
 30138 | Orc:2    | Noticed anet's ghost (journeyman MiBe)
 30290 | Orc:2    | Found Fintyonwyr's General Store.
 30297 | Orc:2    | Bought a scroll of butterflies for 52 gold pieces
 30306 | Orc:2    | Found Bopioxu's Antique Weapon Shop.
 30395 | Orc:2    | Killed anet's ghost
 30560 | Orc:2    | Bought a pair of glowing gloves for 255 gold pieces
 30610 | Orc:2    | Bought a phantom mirror for 520 gold pieces
 30702 | D:15     | Entered Level 15 of the Dungeon
 30939 | D:15     | Reached skill level 15 in Spellcasting
 30939 | D:15     | Reached skill level 15 in Conjurations
 30939 | D:15     | Reached skill level 15 in Hexes
 30939 | D:15     | Reached skill level 15 in Summonings
 30939 | D:15     | Reached skill level 15 in Translocations
 30939 | D:15     | Reached skill level 15 in Fire Magic
 30939 | D:15     | Reached skill level 15 in Ice Magic
 30939 | D:15     | Reached skill level 15 in Air Magic
 30939 | D:15     | Reached skill level 15 in Earth Magic
 30939 | D:15     | Reached skill level 15 in Poison Magic
 32020 | D:15     | Found a staircase to the Depths.
 32185 | Snake:1  | Entered Level 1 of the Snake Pit
 33220 | Snake:1  | Reached XP level 17. HP: 82/117 MP: 0/0
 33220 | Snake:1  | Learned a level 7 spell: Spellforged Servitor
 33882 | Snake:2  | Noticed Aizul
 33890 | Snake:2  | Killed Aizul
 33900 | Snake:2  | Noticed Vashnia
 34905 | Snake:2  | Killed Vashnia
 34906 | Snake:2  | Reached skill level 10 in Shields
 36255 | Snake:3  | Found a transporter.
 37169 | Snake:3  | Identified the +5 trident "Qoti" {holy, Will++ Stlth-}
 37275 | Snake:3  | Reached skill level 1 in Polearms
 37410 | Snake:3  | Reached XP level 18. HP: 84/125 MP: 0/0
 37572 | Snake:3  | Found a transporter.
 37572 | Snake:3  | Noticed nubinia's ghost (adept MfVM)
 38265 | Snake:4  | Entered Level 4 of the Snake Pit
 39213 | Snake:4  | Reached skill level 5 in Polearms
 40299 | Snake:4  | Found a sparkling altar of Nemelex Xobeh.
 41545 | Snake:4  | Reached XP level 19. HP: 63/132 MP: 0/0
 41545 | Snake:4  | Learned a level 7 spell: Orb of Destruction
 42119 | Snake:4  | Got a serpentine rune of Zot
 42311 | Shoals:1 | Entered Level 1 of the Shoals
 42781 | Shoals:1 | Found Jaur's Antique Armour Emporium.
 43891 | Shoals:2 | Noticed Ilsuiw
 43903 | Shoals:2 | Killed Ilsuiw
 46837 | Shoals:4 | Entered Level 4 of the Shoals
 47190 | Shoals:4 | Noticed Nikola
 47505 | Elf:1    | Entered Level 1 of the Elven Halls
 48472 | Elf:1    | Reached XP level 20. HP: 109/141 MP: 0/0
 49699 | Elf:2    | Found a flickering gateway to a bazaar.
 49721 | Bazaar   | Entered a bazaar
 49876 | Bazaar   | Found Mucoics's Jewellery Emporium.
 49877 | Bazaar   | Found Jyerir's Armour Emporium.
 49920 | Bazaar   | Found Yssuol's Jewellery Shoppe.
 49920 | Bazaar   | Found Waefihec's Book Shoppe.
 49963 | Bazaar   | Bought the amulet of the Tarantula {rElec rN++ Regen+ rCorr
                  | Stlth+} for 691 gold pieces
 49984 | Bazaar   | Bought a +5 ring of evasion for 396 gold pieces
 49984 | Bazaar   | Bought a +6 ring of intelligence for 396 gold pieces
 50289 | Elf:2    | Found a runed translucent gate.
 50289 | Elf:2    | Found a runed translucent gate.
 50289 | Elf:2    | Found a runed translucent gate.
 50567 | Elf:3    | Entered Level 3 of the Elven Halls
 50568 | Elf:3    | Paralysed by an air elemental for 1 turns
 51696 | Elf:3    | Noticed Bai Suzhen
 51710 | Elf:3    | Killed Bai Suzhen
 51902 | Elf:3    | Identified the +1 leather armour of Pyra {rElec Will+
                  | Int+4}
 51911 | Elf:3    | Identified the amulet of Activism {Spirit -Cast rCorr SInv}
 52042 | Elf:3    | Identified the +11 trident of Futawuc {heavy, +Blink Str+4
                  | Int-5 Dex+2}
 52044 | Elf:3    | Reached skill level 10 in Dodging
 52125 | Elf:3    | Identified the ring of Cuosah {rC- rCorr AC+4 Str+6 Stlth+}
 52222 | Elf:3    | Identified the amulet of Xom's Entertainment {RegenMP
                  | Slay+2}
 52226 | Elf:3    | Reached XP level 21. HP: 141/147 MP: 0/0
 52226 | Elf:3    | Learned a level 7 spell: Enfeeble
 52257 | Elf:3    | Identified the ring of Sin {Wiz rPois}
 52269 | Elf:3    | Identified the +1 short sword of Kupp {speed, rN+ Dex+4}
 52345 | Elf:3    | Identified the staff of death "Ofedduugg" {rF+ rN+}
 52356 | Elf:3    | Identified the +1 shortbow of the Disturbing Runes {flame,
                  | Drain rF+ rCorr Str+4}
 52372 | Elf:3    | Identified the +6 shortbow of the Sharp God {heavy, Int+5}
 53057 | Vaults:1 | Entered Level 1 of the Vaults
 53189 | Vaults:1 | Noticed Zenata
 53270 | Vaults:1 | Killed Zenata
 54737 | Vaults:2 | Identified the amulet "Geddosh" {Faith Dex+3}
 55135 | Vaults:2 | Found a staircase to the Crypt.
 55135 | Vaults:2 | Found a basalt altar of Yredelemnul.
 55164 | Vaults:2 | Reached skill level 10 in Invocations
 55407 | Vaults:2 | Reached XP level 22. HP: 115/155 MP: 0/0
 55790 | Vaults:3 | Noticed Asterion
 55791 | Vaults:3 | Killed Asterion
 55890 | Vaults:3 | Identified the staff of conjuration "Beqaypp" {rCorr}
 56094 | Vaults:3 | Noticed Jory
 56098 | Vaults:3 | Killed Jory
 56208 | Vaults:3 | You are sucked into a shaft and drop 1 floor!
 56466 | Vaults:4 | Reached skill level 15 in Shields
 56727 | Vaults:4 | Reached XP level 23. HP: 147/162 MP: 0/0
 56727 | Vaults:4 | Learned a level 8 spell: Borgnjor's Revivification
 57573 | Vaults:3 | Identified the amulet of Siyzuck {Reflect rF+ Regen+ Int+5
                  | SH+5}
 58200 | Shoals:4 | Killed Nikola
 58884 | Shoals:4 | Identified the +6 rapier of Watchfulness {antimagic, rC+
                  | Str+3}
 59055 | Shoals:4 | Got a barnacled rune of Zot
 59190 | Shoals:4 | Identified the ring "Muut" {rPois Dex+2}
 59571 | Depths:1 | Entered Level 1 of the Depths
 59571 | Depths:1 | Found a one-way gate to the infinite horrors of the Abyss.
 59668 | Depths:1 | Found a one-way gateway to a ziggurat.
 59790 | Depths:1 | Found Ydebbas's Magic Scroll Shoppe.
 59798 | Depths:1 | Bought a scroll of teleportation for 42 gold pieces
 59798 | Depths:1 | Bought a scroll of blinking for 105 gold pieces
 59798 | Depths:1 | Bought a scroll of teleportation for 42 gold pieces
 59798 | Depths:1 | Bought a scroll of teleportation for 42 gold pieces
 59854 | Depths:1 | Identified the +8 war axe of the Forsaken Deaths {flame,
                  | Str+3 Dex+2}
 60022 | Depths:1 | Found a gateway to Hell.
 60344 | Depths:1 | Identified the +7 war axe "Cunomin" {flame, Will- Dex+8
                  | SInv}
 60862 | Depths:2 | Reached XP level 24. HP: 165/171 MP: 0/0
 61670 | Depths:3 | Noticed Grunn
 61674 | Depths:3 | Killed Grunn
 61675 | Depths:3 | Reached skill level 15 in Dodging
 61993 | Depths:3 | Noticed Louise
 61995 | Depths:3 | Killed Louise
 62045 | Depths:3 | Noticed a juggernaut
 62046 | Depths:3 | Noticed a caustic shrike
 62052 | Depths:3 | Killed a juggernaut
 62055 | Depths:3 | Killed a caustic shrike
 62132 | Depths:3 | Identified the +12 bardiche of Ocrolem {elec, Dex+5}
 62352 | Depths:3 | Noticed a golden dragon
 62358 | Depths:3 | Killed a golden dragon
 62405 | Depths:4 | Entered Level 4 of the Depths
 62417 | Depths:4 | Noticed a caustic shrike
 62418 | Depths:4 | Noticed a caustic shrike
 62450 | Depths:4 | Noticed a caustic shrike
 62450 | Depths:4 | Noticed a caustic shrike
 62450 | Depths:4 | Noticed a caustic shrike
 62456 | Depths:3 | Killed a caustic shrike
 63040 | Depths:3 | Killed a caustic shrike
 63042 | Depths:3 | Killed a caustic shrike
 63121 | Depths:3 | Killed a caustic shrike
 63330 | Depths:3 | Killed a caustic shrike
 63478 | Depths:4 | Reached XP level 25. HP: 161/176 MP: 0/0
 63478 | Depths:4 | Learned a level 9 spell: Chain Lightning
 63679 | Depths:4 | Found a gate to the Realm of Zot.
 64225 | Depths:4 | Found a sacrificial altar of Ru.
 64573 | Lair:1   | Killed Thargor's ghost
 64775 | Snake:3  | Killed nubinia's ghost
 64807 | Snake:3  | Identified the ring of Ysoakk {rN+++ rCorr Str-3 Int+3
                  | Slay-6}
 64818 | Snake:3  | Identified the amulet "Hoyl" {Rampage Regen+ Dex+3}
 64932 | Slime:1  | Entered Level 1 of the Pits of Slime
 65210 | Slime:5  | Entered Level 5 of the Pits of Slime
 65234 | Slime:5  | Noticed the Royal Jelly
 65624 | Slime:3  | You are sucked into a shaft and drop 1 floor!
 65749 | Slime:5  | Reached skill level 27 in Transmutations
 65749 | Slime:5  | Reached XP level 26. HP: 131/184 MP: 0/0
 65846 | Slime:5  | Killed the Royal Jelly
 65847 | Slime:5  | Reached skill level 27 in Necromancy
 65967 | Slime:5  | Identified the +9 great sword of Sufficient Duty {venom,
                  | rC++}
 65969 | Slime:5  | Got a slimy rune of Zot
 65995 | Slime:5  | Identified the +6 short sword of Musiatess {pain, rCorr
                  | Str+3 Int+4 Dex-2}
 66001 | Slime:5  | Identified the +0 dire flail of Past Mistakes {flame,
                  | rCorr}
 66004 | Slime:5  | Identified the +0 ring mail of Insatiable Hunger {rCorr
                  | Str+2}
 66021 | Slime:5  | Identified the ring "Etokk" {*Corrode Will++ EV+5 Str+4}
 66736 | Zig:1    | Entered Level 1 of a ziggurat
 66739 | Zig:1    | Noticed a Killer Klown
 66741 | Zig:2    | Entered Level 2 of a ziggurat
 66763 | Zig:2    | Identified the amulet of the Hart {Faith rF++ rC- Regen+}
 66766 | Zig:3    | Entered Level 3 of a ziggurat
 66766 | Zig:3    | Noticed Nerefott the pandemonium lord
 66790 | Zig:3    | Killed Nerefott the pandemonium lord
 66865 | Zig:4    | Entered Level 4 of a ziggurat
 67010 | Zig:5    | Entered Level 5 of a ziggurat
 67010 | Zig:5    | Noticed an orb of fire
 67015 | Zig:5    | Killed an orb of fire
 67067 | Zig:6    | Entered Level 6 of a ziggurat
 67124 | Zig:6    | Identified the +1 glaive "Kuphogg" {venom, rC+ Str+4 Int+3}
 67132 | Zig:6    | Identified the amulet of Fatigue {Rampage Regen+ rCorr}
 67146 | Zig:6    | Identified the +0 pair of boots of the Sacrificial Victim
                  | {Drain rPois rF+ Dex+4}
 67388 | Vaults:4 | You are sucked into a shaft and drop 1 floor!
 67388 | Vaults:5 | Entered Level 5 of the Vaults
 67503 | Vaults:5 | Identified the +10 mace of Insufficient Pleasure {flame,
                  | +Blink rC- rN++ rCorr}
 67513 | Vaults:5 | Identified the +10 rapier of Nuqotri {speed, rElec rC+
                  | Int+3 Dex+2}
 67524 | Vaults:5 | Identified the +5 orcbow of the Heavens {antimagic, Fly
                  | Will- Int+3 Stlth+}
 68088 | Vaults:5 | Identified the +7 scimitar of Bodily Humours {speed, *Rage
                  | rF++ rCorr Dex+2}
 68135 | Vaults:5 | Reached XP level 27. HP: 181/189 MP: 0/0
 68135 | Vaults:5 | Learned a level 9 spell: Death's Door
 68205 | Vaults:5 | Identified the +0 robe "Jerriudi" {Stlth+}
 68458 | Vaults:5 | Identified the staff of death "Xeysatos" {rPois rN+ Will+
                  | Int+2 Stlth-}
 68544 | Vaults:5 | Got a silver rune of Zot
 68591 | Vaults:5 | Identified the +7 whip of the Fuzzy God {spect, Int+2}
 69289 | Zot:1    | Entered Level 1 of the Realm of Zot
 69320 | Zot:1    | Noticed an orb of fire
 69320 | Zot:1    | Noticed an orb of fire
 69321 | Zot:1    | Noticed an orb of fire
 69334 | Zot:1    | Killed an orb of fire
 69345 | Zot:1    | Killed an orb of fire
 69345 | Zot:1    | Noticed an orb of fire
 69348 | Zot:1    | Killed an orb of fire
 69490 | Zot:1    | Killed an orb of fire
 70140 | Zot:1    | Noticed a shard shrike
 70141 | Zot:1    | Killed a shard shrike
 70457 | Zot:1    | Noticed a shard shrike
 70460 | Zot:1    | Killed a shard shrike
 70515 | Zot:1    | Identified the +7 mace "Sis Wosh" {freeze, rPois rC+ rCorr
                  | Int-4}
 71428 | Zot:2    | You are sucked into a shaft and drop 1 floor!
 72157 | Zot:3    | Noticed an orb of fire
 72162 | Zot:3    | Gained mutation: Armour fits poorly on your strangely
                  | shaped body. [an orb of fire]
 72163 | Zot:3    | Killed an orb of fire
 73295 | Zot:3    | Found the +4 dragonskin cloak
 73295 | Zot:3    | Noticed Tiamat
 74117 | Zot:3    | Killed Tiamat
 75520 | Zot:4    | Identified the +0 plate armour of the Desert {rF+ rC+ Dex+5
                  | Slay-3}
 75675 | Zot:4    | Noticed an orb of fire
 75751 | Zot:5    | Entered Level 5 of the Realm of Zot
 75908 | Zot:5    | Reached skill level 10 in Armour
 76410 | Zot:5    | Noticed a Killer Klown
 76419 | Zot:5    | Killed a Killer Klown
 76605 | Zot:5    | Noticed a dread lich
 76608 | Zot:5    | Killed a dread lich
 76625 | Zot:5    | Noticed a Killer Klown
 76628 | Zot:5    | Killed a Killer Klown
 76632 | Zot:5    | Noticed a Killer Klown
 76635 | Zot:5    | Killed a Killer Klown
 76837 | Zot:5    | Noticed an orb of fire
 76847 | Zot:5    | Killed an orb of fire
 76920 | Zot:5    | Noticed a Killer Klown
 76924 | Zot:5    | Killed a Killer Klown
 76924 | Zot:5    | Noticed an ancient lich
 76926 | Zot:5    | Killed an ancient lich
 76933 | Zot:5    | Noticed a Killer Klown
 76937 | Zot:5    | Killed a Killer Klown
 77021 | Zot:5    | Noticed an orb of fire
 77052 | Zot:5    | Noticed an orb of fire
 77055 | Zot:5    | Gained mutation: You occasionally lose the ability to drink
                  | potions when taking damage. [an orb of fire]
 77060 | Zot:5    | Killed an orb of fire
 77066 | Zot:5    | Killed an orb of fire
 77160 | Zot:5    | Noticed a dread lich
 77162 | Zot:5    | Killed a dread lich
 77384 | Zot:5    | Noticed a Killer Klown
 77391 | Zot:5    | Killed a Killer Klown
 77769 | Zot:5    | Got the Orb of Zot
 78357 | D:1      | Noticed Wam Tupa the pandemonium lord
 78359 | D:$      | Escaped with the Orb!

Illustrated notes

Levels and vault maps discovered:
D:1:      sevenhm_arrival_forest_fort_large_4, layout_loops_corners,
          hangedman_glass_teeth, chequers_serial_rivers_micro_c,
          nicolae_kite_square_tiling_tiny, chequers_serial_rivers_small_a,
          hangedman_decor_opposing, dreamdust_princess_corridor, st_stairs_1
D:2:      layout_rooms, uniq_robin
D:3:      layout_basic, gup_sewer_entry_bowl, minmay_diced_spiral, uniq_ijyb
D:4:      layout_basic
D:5:      layout_rooms, nicolae_gozag_seed_capital, uniq_edmund
D:6:      layout_cave_pods
D:7:      layout_basic, lemuel_round_altar, nicolae_overflow_two_pavilions,
          old_standard_altar, minmay_temple_entry_wispy, serial_park_tiny_1
D:8:      layout_basic, mainiacjoe_overflow_catwalk, minmay_lair_entry_grove,
          serial_nicolae_subway, nicolae_sub_station_stone,
          nicolae_sub_station_metal, nicolae_sub_station_crystal
D:9:      layout_basic, nicolae_wu_jian_wuxing_cycle, uniq_erica,
          uniq_prince_ribbit1
D:10:     lemuel_flame_loot_2, layout_loops_ring, tso_metal_star,
          amcnicky_altar_gilded, david_orc_2, special_room [special_room_orc],
          minmay_guarded_unrand_variability
D:11:     layout_roguey, nooodl_orcs_dogs, uniq_psyche
D:12:     layout_irregular_city, serial_shops, nicolae_shop_just_a_little_nook,
          uniq_maurice
D:13:     layout_roguey, ximxim_vaults_locker_room,
          portal_ice_cave_entry_ice_simulacra, chequers_serial_rivers_micro_e
D:14:     layout_irregular_city, nicolae_hepliaklqana_hazy_memory, serial_glass,
          glass_columns_b, glass_columns_c, glass_columns_c, glass_columns_a,
          glass_columns_a, glass_columns_b, glass_columns_a, glass_columns_b,
          glass_columns_a, glass_columns_a, kennysheep_generic_room_11
D:15:     grunt_enter_depths_snipers, layout_rooms, due_unseen_surprise
Temple:   cyrus_circular_temple
Lair:1:   layout_misc_corridors, hellmonk_ghost_happy_afterlife,
          serial_bayou_shore_b
Lair:2:   layout_cave_pods, minmay_shoals_entry_lonely_mermaid,
          nicolae_volcano_entry_hallway, ice2_lemuel
Lair:3:   layout_concentric_octagons, nicolae_snake_entry_squirm,
          beast_lair_carwin_3, lemuel_fruit_fields, grunt_megastairs_1,
          uniq_kirke
Lair:4:   layout_long_grid, gauntlet_entry_generic, basic_altar,
          grunt_megastairs_2
Lair:5:   grunt_lair_end_beastmaster, layout_loops_ring,
          nicolae_slime_entry_slimehenge, minmay_lair_oklob_items,
          nicolae_quartered_pool_little, serial_bayou_shore_a
Shoals:1: layout_shoals, serial_shops, nicolae_shop_overgrown_old_shop
Shoals:2: layout_shoals, nicolae_shoals_mertower, uniq_ilsuiw
Shoals:3: layout_shoals
Shoals:4: shoals_end_grunt_ice, layout_shoals, uniq_nikola
Snake:1:  layout_rooms
Snake:2:  layout_chambers, uniq_vashnia, uniq_aizul
Snake:3:  layout_onion_interference, gammafunk_ghost_berserking_beasts
Snake:4:  snake_pit_salamanders_mu, layout_basic, basic_altar,
          serial_bayou_pond_a, lemuel_fruit_tree
Slime:1:  layout_caves, nicolae_slime_barrier
Slime:2:  layout_caves
Slime:3:  layout_caves, special_room [special_room_jelly]
Slime:4:  layout_caves
Slime:5
Orc:1:    layout_caves, nicolae_orc_bridge_out, nicolae_orc_lava_tube,
          nicolae_shop_overcharged_wands
Orc:2:    grunt_orc_cross, layout_caves, ebering_ghost_gozag, uniq_azrael
Elf:1:    eino_elf_arrival_sip, layout_gridlike, minmay_elf_sorcery,
          hangedman_decor_cross_pass
Elf:2:    elven_hall_of_blades_hangedman_original [nooodl_blade_entry_preview],
          layout_loops_ring, serial_shops, bzr_entry_islet
Elf:3:    grunt_elf_hall_asides, layout_rooms, einodemon_barbed_minivault,
          uniq_bai_suzhen
Vaults:1: v_pattern_5, nicolae_vaults_mini_display_case, vaults_room_grid,
          nicolae_vaults_angled_halls, nicolae_vaults_wrenched, v_misc_9,
          vaults_dpeg_spiral, nicolae_vaults_theta, v_rooms_4,
          nicolae_vaults_variable_pillar_hall, nicolae_vaults_little_squares_2,
          nicolae_vaults_tetromino_T_1, nicolae_vaults_ring_of_whatevers,
          nicolae_vaults_diagonal_hallway_8, vaults_room_fours,
          layout_vaults_big_room, uniq_zenata
Vaults:2: nicolae_vaults_closet_pinwheel_3, nicolae_vaults_stand_back,
          vaults_room_large_hall, v_misc_28, nicolae_vaults_network_barrier,
          nicolae_vaults_closet_pinwheel_1, nicolae_vaults_hexular_roomagon,
          nicolae_vaults_mitosis, ontoclasm_vaults_shuriken, v_alt_pattern_4,
          minmay_crypt_entry_necro_gods, layout_vaults_omnigrid
Vaults:3: nicolae_vaults_windows_and_doors_thing, v_rooms_3,
          nicolae_vaults_heist, vaults_standard_mumra_lines,
          grunt_vaults_hallway_long, nicolae_vaults_theta,
          nicolae_vaults_storage_room_glass, hangedman_vaults_impose,
          v_pattern_4, nicolae_vaults_trapezoid_1, vaults_mumra_hex,
          nicolae_vaults_double_plus_3, nicolae_vaults_tetromino_T_1,
          nicolae_vaults_little_squares_5, vaults_dpeg_hooks,
          layout_vaults_omnibox, uniq_jory, uniq_asterion
Vaults:4: nicolae_vaults_layer_cake_slice, ontoclasm_vaults_spin,
          nicolae_vaults_tetromino_T_2, ontoclasm_vaults_twist,
          nicolae_vaults_shock_wave, nicolae_vaults_network_star,
          nicolae_vaults_turnstiles, nicolae_vaults_house_1,
          nicolae_vaults_little_squares_5, nicolae_vaults_asterisk,
          layout_vaults_ring
Vaults:5
Depths:1: layout_long_grid, enter_ziggurat_e, abyss_entry, hellmouth_3,
          serial_shops, shop, minmay_hedge_maze, kennysheep_generic_room_15
Depths:2: nicolae_hitomezashi [nicolae_hito_row, nicolae_hito_row,
          nicolae_hito_row, nicolae_hito_row, nicolae_hito_row,
          nicolae_hito_row, nicolae_hito_row, nicolae_hito_row,
          nicolae_hito_row, nicolae_hito_row, nicolae_hito_row,
          nicolae_hito_row, nicolae_hito_row, nicolae_hito_row,
          nicolae_hito_row, nicolae_hito_row, nicolae_hito_row,
          nicolae_hito_row], layout_gridlike, minmay_strange_pillars,
          grunt_pan_entry_in_and_out, abyss_entry_crystal, hell_entry,
          firewood_loft
Depths:3: minmay_guarded_unrand_guard, layout_gridville, hangedman_coc_ice_floe,
          nicolae_abyss_entry_one_way_or_another, uniq_grunn
Depths:4: evilmike_zot_entry_basic, layout_basic, grunt_hell_entry_dis_grunt,
          nicolae_ru_path_of_blood, special_room [special_room_mythical_zoo]
Zot:1:    minmay_elemental_castle, layout_gridlike, st_stairs_2,
          lemuel_lake_of_fire
Zot:2:    layout_concentric_octagons
Zot:3:    layout_cathedral_of_symmetry, uniq_tiamat
Zot:4:    layout_misc_corridors, st_single_dragon_hoard_3, nrook_zot_tub
Zot:5:    layout_twisted_circle

Skill      XL: |  1  2  3  4  5  6  7  8  9 10 11 12 13 14 15 16 17 18 19 20 21 22 23 24 25 26 27 |
---------------+----------------------------------------------------------------------------------+-----
Fighting       | 1 2 3 4 6 7 10 11 12 14 15 16 18 19 20 21 22 23 | 23.9
Stealth        | 2 3 |  3.0
Spellcasting   | 4 5 6 7 8 10 12 13 14 15 16 17 18 20 21 22 25 | 25.0
Conjurations   | 4 5 6 7 8 10 12 13 14 15 16 17 18 20 21 22 25 | 25.0
Hexes          | 4 5 6 7 8 10 12 13 14 15 16 17 18 20 21 22 25 | 25.0
Summonings     | 4 5 6 7 8 10 12 13 14 15 16 17 18 20 21 22 25 | 25.0
Necromancy     | 4 5 6 7 8 10 12 13 14 16 17 18 20 21 22 24 26 27 | 27.0
Translocations | 4 5 6 7 8 10 12 13 14 15 16 17 18 20 21 22 25 | 25.0
Transmutations | 4 5 6 7 8 10 12 13 15 16 17 19 21 22 24 27 | 27.0
Fire Magic     | 4 5 6 7 8 10 12 13 14 15 16 17 18 20 21 22 25 | 25.0
Ice Magic      | 4 5 6 7 8 10 12 13 14 15 16 17 18 20 21 22 25 | 25.0
Air Magic      | 4 5 6 7 8 10 12 13 14 15 16 17 18 20 21 22 25 | 25.0
Earth Magic    | 4 5 6 7 8 10 12 13 14 15 16 17 18 20 21 22 25 | 25.0
Poison Magic   | 4 5 6 7 8 10 12 13 14 15 16 17 18 20 21 22 25 | 25.0
Evocations     | 1 2 4 5 6 |  6.0
Shields        | 6 7 10 11 12 15 18 | 18.0
Dodging        | 6 7 8 10 11 12 14 15 17 | 17.7
Invocations    | 4 7 8 10 12 | 12.0
Armour         | 4 6 7 8 10 | 10.0
Polearms       | 1 6 9 |  9.3

Action                     |  1- 3 |  4- 6 |  7- 9 | 10-12 | 13-15 | 16-18 | 19-21 | 22-24 | 25-27 || total
---------------------------+-------+-------+-------+-------+-------+-------+-------+-------+-------++-------
  Melee: Dagger            |       |     5 |     4 |     1 |       |       |       |       |       ||    10
         Trident           |       |       |       |       |       |       |    16 |     5 |     3 ||    24
         Demon trident     |       |       |       |       |       |       |       |       |    33 ||    33
  Throw: Dart              |       |       |       |     6 |       |     1 |       |       |       ||     7
         Throwing net      |       |       |       |       |       |       |       |       |     1 ||     1
   Cast: Magic Dart        |    64 |   117 |   153 |   133 |   523 |    86 |    41 |    17 |    90 ||  1224
         Searing Ray       |     5 |     7 |    12 |     8 |       |       |       |       |       ||    32
         Call Imp          |       |    32 |    77 |    24 |       |       |       |       |       ||   133
         Momentum Strike   |       |       |     9 |     2 |       |       |       |       |       ||    11
         Fulminant Prism   |       |       |    17 |    10 |    11 |       |       |       |       ||    38
         Hailstorm         |       |       |    13 |   141 |    65 |     8 |    43 |    74 |    27 ||   371
         Iskenderun's Myst |       |       |       |     5 |    18 |    11 |     5 |    46 |    16 ||   101
         Iskenderun's Batt |       |       |       |       |    88 |    16 |     5 |     3 |    12 ||   124
         Apportation       |       |       |       |       |     7 |       |       |     3 |       ||    10
         Plasma Beam       |       |       |       |       |    85 |   320 |   462 |   405 |   295 ||  1567
         Spellforged Servi |       |       |       |       |       |    44 |     4 |     1 |     2 ||    51
         Orb of Destructio |       |       |       |       |       |       |     4 |     2 |     2 ||     8
         Chain Lightning   |       |       |       |       |       |       |       |       |   457 ||   457
 Invoke: Ancestor Identity |       |       |       |     1 |       |       |       |       |       ||     1
         Recall Ancestor   |       |       |       |    11 |     4 |     6 |     4 |     7 |    13 ||    45
         Ancestor Life: Kn |       |       |       |     1 |       |       |       |       |       ||     1
         Idealise          |       |       |       |       |     1 |     4 |     6 |     5 |     9 ||    25
         Transference      |       |       |       |       |       |       |     2 |       |     2 ||     4
  Evoke: Wand              |       |       |     4 |    19 |    13 |    36 |     8 |    12 |    22 ||   114
         Lightning rod     |       |       |       |       |       |     4 |     1 |       |       ||     5
         Phantom mirror    |       |       |       |       |       |     1 |     1 |     2 |     1 ||     5
         Box of beasts     |       |       |       |       |       |       |     3 |       |     2 ||     5
         Phial of floods   |       |       |       |       |       |       |       |     2 |     2 ||     4
    Use: Scroll            |       |     3 |     6 |     8 |    11 |     5 |    14 |     9 |    21 ||    77
         Potion            |       |     1 |     3 |     5 |     4 |     3 |     6 |       |    16 ||    38
   Stab: Sleeping          |       |       |       |       |       |       |     1 |       |       ||     1
 Armour: Robe              |     1 |     6 |    13 |       |       |       |       |       |       ||    20
         Steam dragon scal |       |       |       |    33 |     4 |       |       |       |       ||    37
         Ring mail         |       |       |       |       |    32 |    52 |    28 |       |       ||   112
         Troll leather arm |       |       |       |       |       |       |     8 |    19 |    27 ||    54
  Dodge: Dodged            |     9 |    10 |    27 |    38 |    33 |    45 |    45 |    74 |    98 ||   379
  Block: Buckler           |       |       |     3 |    10 |    31 |    63 |    34 |       |       ||   141
         Reflection        |       |       |       |       |     1 |    23 |    12 |       |       ||    36
         Kite shield       |       |       |       |       |       |       |    35 |    77 |    51 ||   163

Table legend: (Time is in decaauts)
 A = Elapsed time spent in this place.
 B = Non-inter-level travel time spent in this place.
 C = Inter-level travel time spent in this place.
 D = Time resting spent in this place.
 E = Time spent auto-exploring this place.
 F = Levels seen in this place.
 G = Mean time per level.
                   A        B        C        D        E       F      G
               +--------+--------+--------+--------+--------+-----+--------+
         Total |  78447 |  69958 |   8489 |   9832 |  46727 |  64 | 1225.7 |
       Dungeon |  21668 |  18317 |   3351 |   3172 |  10527 |  15 | 1444.5 |
        Temple |     14 |      8 |      6 |      0 |      0 |   1 |   14.0 |
          Lair |   8005 |   7175 |    830 |   1231 |   4724 |   5 | 1601.0 |
        Shoals |   6438 |   5545 |    893 |    375 |   4664 |   4 | 1609.5 |
     Snake Pit |   9515 |   8775 |    740 |   1428 |   6102 |   4 | 2378.8 |
    Slime Pits |   1549 |   1436 |    113 |    176 |    903 |   5 |  309.8 |
  Orcish Mines |   3192 |   2841 |    351 |      4 |   2459 |   2 | 1596.0 |
   Elven Halls |   4135 |   3616 |    519 |    202 |   2832 |   3 | 1378.3 |
        Vaults |   6656 |   5963 |    693 |     77 |   4631 |   5 | 1331.2 |
        Depths |   5165 |   4662 |    503 |    232 |   3656 |   4 | 1291.2 |
           Zot |   8569 |   8084 |    485 |   1959 |   4835 |   5 | 1713.8 |
      Ziggurat |    396 |    396 |      0 |    100 |    196 |   6 |   66.0 |
        Bazaar |    273 |    273 |      0 |      9 |    203 |   1 |  273.0 |
         Sewer |    446 |    446 |      0 |    150 |     89 |   1 |  446.0 |
      Ice Cave |   1376 |   1376 |      0 |    428 |    508 |   1 | 1376.0 |
       Volcano |    605 |    605 |      0 |    227 |    167 |   1 |  605.0 |
      Gauntlet |    437 |    437 |      0 |     60 |    231 |   1 |  437.0 |
               +--------+--------+--------+--------+--------+-----+--------+

Top non-repeatable levels by time:
 Snake:4: 3131 daAuts
 Snake:3: 2835 daAuts
   Zot:3: 2583 daAuts
  Lair:3: 2557 daAuts
     D:1: 2472 daAuts
    D:14: 2295 daAuts
Depths:3: 2225 daAuts
 Snake:2: 2204 daAuts
   Elf:1: 2141 daAuts
   Zot:5: 2061 daAuts
Shoals:3: 2048 daAuts
   Orc:2: 2047 daAuts
Shoals:2: 2019 daAuts
     D:8: 1734 daAuts
  Lair:2: 1642 daAuts
